 Dungeon Crawl Stone Soup version 0.31-a0-1570-g93c622d222 (webtiles) character file.

Game seed: 16959683769604047964

60 Persephone the Chopper (level 4, -2/72 HPs)
             Began as an Oni Berserker on Jan 3, 2024.
             Was a Believer of Trog.
             Succumbed to Crazy Yiuf's poison
             ... on level 2 of the Dungeon.
             The game lasted 00:01:52 (1494 turns).

Persephone the Chopper (Oni Berserker)              Turns: 1494, Time: 00:01:52

Health: -2/72      AC:  3    Str: 23    XL:     4   Next: 4%
Magic:  0/4        EV: 10    Int:  8    God:    Trog [**....]
Gold:   87         SH:  0    Dex:  8    Spells: 3/3 levels left

rFire   . . .        a - +0 hand axe
rCold   . . .        (no shield)
rNeg    . . .        b - +0 animal skin
rPois   .            (helmet restricted)
rElec   .            (no cloak)
rCorr   .            (gloves unavailable)
SInv    .            (boots unavailable)
Will    .....        (no amulet) Stlth
                     (no ring)
HPRegen 0.32/turn    (no ring)
MPRegen 0.09/turn

%: no passive effects
@: berserking (expiring), lethally poisoned (-2 -> -19), very quick
A: large, unfitting armour, horns 1, tough skin 1, double potion healing,
drunken brawling
a: Renounce Religion, Berserk, Trog's Hand


You were on level 2 of the Dungeon.
You worshipped Trog.
Trog was pleased with you.
You visited 1 branch of the dungeon, and saw 2 of its levels.

You collected 87 gold pieces.

Inventory:

Hand Weapons
 a - a +0 hand axe (weapon)
Armour
 b - a +0 animal skin (worn)
Scrolls
 c - a scroll of immolation
 d - a scroll of fear {unknown}
 e - a scroll of noise {unknown}
 g - a scroll of teleportation {unknown}
 h - a scroll of identify {unknown}
 i - 2 scrolls of butterflies {unknown}
 j - a scroll of fog {unknown}
Potions
 f - a potion of lignification {unknown}


   Skills:
 - Level 4.0 Fighting
 + Level 4.8 Axes
 - Level 2.6 Dodging


You had 3 spell levels left.
You didn't know any spells.
Your spell library was empty.

Dungeon Overview and Level Annotations

Branches:
Dungeon (2/15)

Altars:
Uskayaw


Innate Abilities, Weirdness & Mutations

You are too large for most types of armour.
You have a pair of small horns on your head.
You have tough skin. (AC +1)
You gain doubled healing and magic from potions.
Whenever you drink a healing potion, you attack all around you.


Message History

Trog accepts your kill.
You can now call upon Trog for regeneration and willpower.
There is a stone staircase leading down here.
There is a stone staircase leading down here.
Auto Killed stopped - Key pressed Key pressed, stopping explore.
Crazy Yiuf shouts!
You see here a +0 hammer.
You see here a +0 hammer.
Auto Killed stopped - Key pressed Key pressed, stopping explore.
Crazy Yiuf whimpers, "Whippet broken spinner!"
You open the door.
A red film seems to cover your vision as you go berserk!
You feel yourself moving faster!
You feel mighty!
Crazy Yiuf hits you with a +4 quarterstaff of chaos!
You slash Crazy Yiuf!
Crazy Yiuf is severely wounded.
Crazy Yiuf hits you with a +4 quarterstaff of chaos!!
You feel your power leaking away.
You closely miss Crazy Yiuf.
Crazy Yiuf is severely wounded.
Crazy Yiuf hits you with a +4 quarterstaff of chaos!
You are poisoned.
You closely miss Crazy Yiuf.
Crazy Yiuf is severely wounded.
You feel very sick.
Crazy Yiuf cries, "Proton!"
Crazy Yiuf hits you with a +4 quarterstaff of chaos!
* * * LOW HITPOINT WARNING * * *
Crazy Yiuf burns you.
* * * LOW HITPOINT WARNING * * *
You barely miss Crazy Yiuf.
Crazy Yiuf is severely wounded.
* * * LOW HITPOINT WARNING * * *
You feel very sick.
You slash Crazy Yiuf!
You kill Crazy Yiuf!
Trog accepts your kill.
You die...

##### ### ♣♣##...# #)..#♣♣
♣♣..#...# ########
#..))@♣♣♣♣.......# .......#
#..)#♣).♣........# .......# ###
♣♣♣.♣)..#...# .......#
♣♣♣♣♣##..)# ###....# #...#####
#....##### ###########........
###...#..# #..................
##..##.####.##...............
######..........###..............


There were no monsters in sight!

Vanquished Creatures
  Crazy Yiuf (D:2)
  3 adders (D:2)
  3 endoplasms (D:1)
  A giant cockroach (D:1)
  4 hobgoblins
  7 jackals (D:1)
  3 kobolds
  A ball python (D:1)
  A bat (D:2)
  4 goblins
  2 rats
30 creatures vanquished.

Notes
Turn   | Place    | Note
-------+----------+-------------------------------------------
     0 | D:1      | Persephone the Oni Berserker began the quest for the Orb.
     0 | D:1      | Reached XP level 1. HP: 24/24 MP: 1/1
    39 | D:1      | Reached XP level 2. HP: 17/32 MP: 2/2
   104 | D:1      | Found a faded altar of an unknown god.
   615 | D:1      | Reached XP level 3. HP: 39/39 MP: 3/3
   862 | D:2      | Found a hide-covered altar of Uskayaw.
  1063 | D:2      | Found a runed translucent door.
  1065 | D:2      | Noticed Crazy Yiuf
  1098 | D:2      | Reached XP level 4. HP: 23/48 MP: 4/4
  1296 | D:2      | Reached ** piety under Trog
  1493 | D:2      | HP: 2/72 [poisoned by Crazy Yiuf]
  1494 | D:2      | Killed Crazy Yiuf
  1494 | D:2      | Succumbed to Crazy Yiuf's poison

Illustrated notes

Levels and vault maps discovered:
D:1:      lightli_arrival_statue_moat, layout_loops_ring,
          hellmonk_ecumenical_altar_blasted
D:2:      layout_rooms, basic_altar, uniq_crazy_yiuf_cottage

Skill      XL: |  1  2 |
---------------+-------+-----
Axes           | 4 |  4.8
Fighting       | |  4.0
Dodging        | |  2.6

Action                     |  1- 3 |  4- 6 || total
---------------------------+-------+-------++-------
  Melee: Hand axe          |    81 |    10 ||    91
         Headbutt          |    11 |     2 ||    13
 Invoke: Berserk           |       |     1 ||     1
 Armour: Animal skin       |    71 |    12 ||    83
  Dodge: Dodged            |    62 |     5 ||    67

Table legend: (Time is in decaauts)
 A = Elapsed time spent in this place.
 B = Non-inter-level travel time spent in this place.
 C = Inter-level travel time spent in this place.
 D = Time resting spent in this place.
 E = Time spent auto-exploring this place.
 F = Levels seen in this place.
 G = Mean time per level.
                   A        B        C        D        E       F      G
               +--------+--------+--------+--------+--------+-----+--------+
         Total |   1501 |   1469 |     32 |      0 |   1262 |   2 |  750.5 |
       Dungeon |   1501 |   1469 |     32 |      0 |   1262 |   2 |  750.5 |
               +--------+--------+--------+--------+--------+-----+--------+

Top non-repeatable levels by time:
     D:1: 826 daAuts
     D:2: 675 daAuts
